 Dungeon Crawl Stone Soup version 0.31-a0-198-g2ad674f65e (webtiles) character file.

Game seed: 17019583153184988749

26 qw the Shooter (level 2, 0/16 HPs)
             Began as a Deep Elf Hunter on June 25, 2023.
             Succumbed to a kobold's poison
             ... on level 1 of the Dungeon.
             The game lasted 00:00:12 (539 turns).

qw the Shooter (Deep Elf Hunter)                     Turns: 539, Time: 00:00:13

Health: 0/16       AC:  3    Str:  8    XL:     2   Next: 89%
Magic:  4/4        EV: 12    Int: 13    God:
Gold:   44         SH:  0    Dex: 18    Spells: 1/1 levels left

rFire   . . .        a - +0 shortbow
rCold   . . .        (shield currently unavailable)
rNeg    . . .        c - +0 leather armour
rPois   .            (no helmet)
rElec   .            (no cloak)
rCorr   .            (no gloves)
SInv    .            (no boots)
Will    .....        (no amulet)
Stlth   ++           (no ring)
HPRegen 0.22/turn    (no ring)
MPRegen 0.09/turn

%: no passive effects
@: lethally poisoned (0 -> -4)
A: no striking features
a: no special abilities


You were on level 1 of the Dungeon.
You visited 1 branch of the dungeon, and saw 1 of its levels.

You collected 44 gold pieces.


   Skills:
 - Level 1.5 Fighting
 + Level 6.6 Ranged Weapons
 - Level 2.4 Dodging
 - Level 1.2 Stealth


You had one spell level left.
You didn't know any spells.
Your spell library was empty.

Inventory:

Hand Weapons
 a - a +0 shortbow (weapon)
Armour
 c - a +0 leather armour (worn)
 h - a +0 pair of boots
Jewellery
 e - a +4 ring of protection
Scrolls
 b - a scroll of butterflies
 d - a scroll of identify {unknown}
 f - a scroll of silence {unknown}
 g - a scroll of immolation {unknown}
Potions
 i - a potion of enlightenment {unknown}

Dungeon Overview and Level Annotations

Branches:
Dungeon (1/15)

Altars:


Message History

You kill the hobgoblin!
A goblin and a kobold come into view.
The kobold is wielding a +0 dagger of venom.
The kobold shouts!
The kobold moves out of view.
Enter note:
Enter note:
Enter note: You shoot an arrow.
The arrow hits the goblin.
You kill the goblin!
You shoot an arrow. The arrow closely misses the kobold.
You shoot an arrow. The arrow barely misses the kobold.
You shoot an arrow. The arrow barely misses the kobold.
You shoot an arrow.
The arrow hits the kobold but does no damage.
The kobold throws a stone.
The stone barely misses you.
You shoot an arrow. The arrow misses the kobold.
The kobold hits you but does no damage.
You are poisoned.
You shoot an arrow. The arrow hits the kobold.
The kobold is moderately wounded.
You feel sick. The kobold misses you.
You shoot an arrow. The arrow closely misses the kobold.
You feel sick.
The kobold hits you with a +0 dagger of venom.
You are lethally poisoned!
You shoot an arrow. The arrow closely misses the kobold.
You feel very sick. The kobold barely misses you.
You shoot an arrow. The arrow hits the kobold.
You kill the kobold!
You feel very sick.
There is a lethal amount of poison in your body!
You feel sick.
There is a lethal amount of poison in your body!
You feel sick.
There is a lethal amount of poison in your body!
You feel sick.
There is a lethal amount of poison in your body!
You die...

#....# ... #....# ...
#....# .... #....#
...).#....#
....#....##############
.......................
#.####)...##############
...%...@.#......
#.#.!...........
#.####.#.####. # ......
#.##### #.# #.# .#


There were no monsters in sight!

Vanquished Creatures
  A dart slug (D:1)
  3 ball pythons (D:1)
  3 endoplasms (D:1)
  3 giant cockroaches (D:1)
  A goblin (D:1)
  3 hobgoblins (D:1)
  2 kobolds (D:1)
  A quokka (D:1)
  A bat (D:1)
  2 frilled lizards (D:1)
  A rat (D:1)
21 creatures vanquished.

Notes
Turn   | Place    | Note
-------+----------+-------------------------------------------
     0 | D:1      | qw the Deep Elf Hunter began the quest for the Orb.
     0 | D:1      | Reached XP level 1. HP: 12/12 MP: 3/3
     0 | D:1      | 0 ||| qw: Version: 0.3-a-22-g0ed2b0b
     0 | D:1      | 0 ||| qw: Game counter: 5025
     0 | D:1      | 0 ||| qw: Melee chars always use a shield: true
     0 | D:1      | 0 ||| qw: God list: Okawaru
     0 | D:1      | 0 ||| qw: Allow faded altars: false
     0 | D:1      | 0 ||| qw: Do Orc after clearing Dungeon:15 true
     0 | D:1      | 0 ||| qw: Do second Lair branch before Depths: true
     0 | D:1      | 0 ||| qw: Lair rune preference: random
     0 | D:1      | 0 ||| qw: Goals: Normal
     0 | D:1      | 0 ||| PLANNING D:1-11
    96 | D:1      | Reached XP level 2. HP: 10/16 MP: 4/4
   126 | D:1      | Reached skill level 6 in Ranged Weapons
   536 | D:1      | HP: 3/16 [poisoned by a kobold]
   537 | D:1      | HP: 1/16 [poisoned by a kobold]
   539 | D:1      | Succumbed to a kobold's poison

Levels and vault maps discovered:
D:1:      mrwooster_arrival_statue_2, layout_basic, minmay_box_of_dots

Skill      XL: |  1  2 |
---------------+-------+-----
Ranged Weapons | 6 |  6.6
Fighting       | |  1.5
Dodging        | |  2.4
Stealth        | |  1.2

Action                     || total
---------------------------++-------
   Fire: Shortbow          ||    54
 Armour: Leather armour    ||     2
  Dodge: Dodged            ||    12

Table legend:
 A = Non-vault XP
 B = Vault XP
 C = Vault XP percentage of total XP
 D = Non-vault monster count
 E = Vault monster count
 F = Vault count percentage of total count
                 A         B        C        D         E       F
            +---------+---------+-------+---------+---------+-------
      Total |      34 |       4 |  10.5 |      18 |       3 |  14.3
            +---------+---------+-------+---------+---------+-------
        D:1 |      34 |       4 |  10.5 |      18 |       3 |  14.3
            +---------+---------+-------+---------+---------+-------
